 Dungeon Crawl Stone Soup version 0.17-a0-1186-gbffdd7f (webtiles) character file.

111 DakoDarkAxe the Skirmisher (level 4, -3/41 HPs)
             Began as a Hill Orc Fighter on June 1, 2015.
             Slain by a gnoll
             ... wielding a +0 club
              (4 damage)
             ... on level 3 of the Dungeon.
             The game lasted 00:07:29 (1284 turns).

DakoDarkAxe the Skirmisher (Hill Orc Fighter)       Turns: 1284, Time: 00:07:29

Health: -3/41      AC:  8    Str: 18    XL:     4   Next: 92%
Magic:  4/4        EV:  7    Int:  8    God:
Gold:   63         SH:  9    Dex: 11    Spells: 0 memorised, 3 levels left

rFire  . . .     SeeInvis .     i - +2 spear (pain)
rCold  . . .     Clarity  .     b - +0 scale mail
rNeg   . . .     SustAt   .     c - +0 shield
rPois  .         Gourm    .     (no helmet)
rElec  .         Spirit   .     (no cloak)
rCorr  .         Warding  .     f - +0 pair of gloves
rMut   .         Stasis   .     (no boots)
MR     .....                    (no amulet)
Stlth  ..........               (no ring)
                                (no ring)

@: not resistant to hostile enchantments, extremely unstealthy
A: no striking features
a: no special abilities


You were on level 3 of the Dungeon.
You were not hungry.

You visited 1 branch of the dungeon, and saw 3 of its levels.

You collected 63 gold pieces.

Inventory:

Hand weapons
 a - a +0 war axe
 i - a +2 spear of pain (weapon)
Missiles
 k - 3 sling bullets of flame
Armour
 b - a +0 scale mail (worn)
 c - a +0 shield (worn)
 f - a +0 pair of gloves (worn)
 n - a cursed +0 scale mail
Scrolls
 g - a scroll of fear {unknown}
 h - a scroll of noise {unknown}
 m - a scroll of blinking {unknown}
 p - a scroll of teleportation {unknown}
 q - a scroll of identify {unknown}
 r - a scroll of random uselessness {unknown}
Potions
 d - a potion of might
 l - a potion of mutation {unknown}
Comestibles
 e - 2 bread rations


   Skills:
 + Level 4.3 Fighting
 + Level 2.6(3.0) Axes
 + Level 1.3(2.0) Polearms
 + Level 4.1 Armour
 + Level 0.8 Dodging
 + Level 0.1 Stealth
 + Level 4.2 Shields


You had 3 spell levels left.
You didn't know any spells.

Dungeon Overview and Level Annotations

Branches:
Dungeon (3/15)

Altars:


Message History

The orc wizard mumbles some strange words.
You feel troubled. The gnoll closely misses you.
The orc wizard hits you with a dagger.
* * * LOW HITPOINT WARNING * * *
The gnoll hits you but does no damage. You block the orc's attack.
The gnoll hits you but does no damage.
You miss the orc wizard.
The orc wizard is almost dead.
The orc wizard hits you but does no damage.
The gnoll hits you with a club.
* * * LOW HITPOINT WARNING * * *
You block the gnoll's attack. The worm bites you but does no damage.
You block the gnoll's attack. The orc closely misses you.
The orc wizard casts a spell at you. The puff of flame hits you!
* * * LOW HITPOINT WARNING * * *
You hit the orc wizard but do no damage.
The orc wizard is almost dead.
The gnoll hits you with a club.
You die...

#...........#
####........#
######..##.#.##
........# .....
######..# #.##
#..## .#
##...###.#
##..)o....#
#...o@g.###
#.....wgg.#
..'.......g.'...
###.........####
##...?...##
##.....##
##...## ##'##


You could see a worm, an orc wizard, 4 gnolls and an orc.

Vanquished Creatures
  Ijyb (D:2)
  2 adders (D:2)
  3 gnolls (D:2)
  2 worms (D:2)
  A giant gecko (D:1)
  2 orcs (D:3)
  4 goblins
  2 hobgoblins
  2 jackals (D:2)
  3 kobolds (D:2)
  5 bats
  A giant cockroach (D:2)
  2 giant newts
  6 rats
36 creatures vanquished.

Notes
Turn   | Place    | Note
--------------------------------------------------------------
     0 | D:1      | DakoDarkAxe the Hill Orc Fighter began the quest for the Orb.
     0 | D:1      | Reached XP level 1. HP: 19/19 MP: 1/1
   420 | D:1      | Reached XP level 2. HP: 25/27 MP: 2/2
   548 | D:2      | Noticed Ijyb
   593 | D:2      | Killed Ijyb
   593 | D:2      | Reached skill level 4 in Fighting
   593 | D:2      | Reached XP level 3. HP: 28/33 MP: 3/3
   868 | D:2      | Reached skill level 1 in Polearms
   868 | D:2      | Reached XP level 4. HP: 21/40 MP: 4/4
  1283 | D:3      | HP: 1/41 [orc wizard/puff of flame (5)]
  1284 | D:3      | Slain by a gnoll

Vault maps used:
D:1:      ncdulo_halloftheorcs
D:2:      uniq_iyjb
D:3:      minmay_bisected

Action                   |  1- 3 |  4- 6 || total
-------------------------+-------+-------++-------
Melee: War axe           |    30 |       ||    30
       Spear             |   114 |    65 ||   179
  Eat: Meat ration       |       |     1 ||     1
